 Dungeon Crawl Stone Soup version 0.30.1-9-gdf580d7c3d (webtiles) character file.

Game seed: 16197632509574787207

35 KittyFluff the Trooper (level 3, -3/34 HPs)
             Began as a Gargoyle Berserker on Oct 9, 2023.
             Was a Believer of Trog.
             Slain by an iguana (8 damage)
             ... on level 4 of the Dungeon.
             The game lasted 00:04:15 (1043 turns).

KittyFluff the Trooper (Gargoyle Berserker)         Turns: 1043, Time: 00:04:16

Health: -3/34      AC:  6    Str: 22    XL:     3   Next: 35%
Magic:  0/3        EV: 11    Int:  7    God:    Trog [**....]
Gold:   105        SH:  0    Dex:  9    Spells: 2/2 levels left

rFire   . . .        a - +0 mace
rCold   . . .        (no shield)
rNeg    + . .        i - +0 leather armour
rPois   ∞            (no helmet)
rElec   +            (no cloak)
rCorr   .            (no gloves)
SInv    .            (no boots)
Will    .....        g - amulet of guardian spirit Stlth
                     (no ring)
HPRegen 0.25/turn    (no ring)
MPRegen 0.08/turn

%: guardian spirit
@: berserking, very quick
A: sickness immunity, AC +3, negative energy resistance 1, electricity
resistance, torment resistance 1, petrification resistance
a: Renounce Religion, Berserk, Trog's Hand


You were on level 4 of the Dungeon.
You worshipped Trog.
Trog was pleased with you.
You visited 1 branch of the dungeon, and saw 3 of its levels.

You collected 105 gold pieces.

Inventory:

Hand Weapons
 a - a +0 mace (weapon)
 b - a +0 sling
 c - a +0 morningstar
Armour
 i - a +0 leather armour (worn)
Jewellery
 g - an amulet of guardian spirit (around neck)
Scrolls
 d - a scroll of torment {unknown}
 e - 2 scrolls of teleportation {unknown}
 k - a scroll of enchant weapon {unknown}
 l - a scroll of noise {unknown}
 m - a scroll of fear {unknown}
 n - a scroll of blinking {unknown}
 o - a scroll of vulnerability {unknown}
Potions
 f - a potion of berserk rage {unknown}
 h - a potion of curing {unknown}
 j - a potion of flight {unknown}


   Skills:
 + Level 3.5 Fighting
 * Level 3.4 Maces & Flails
 * Level 2.9 Armour
 + Level 1.9 Dodging


You had 2 spell levels left.
You didn't know any spells.
Your spell library was empty.

Dungeon Overview and Level Annotations

Branches:
Dungeon (4/15)
 Temple: D:4-7

Altars:


Innate Abilities, Weirdness & Mutations

You are immune to sickness and miasma.
Your stone body is resilient. (AC +3)
You are immune to poison.
You resist negative energy. (rN+)
You are resistant to electric shocks. (rElec)
You are resistant to unholy torment.
You are immune to petrification.


Message History

The ball python is moderately wounded.
The ball python closely misses you. The ball python barely misses you.
You sock the ball python!
You kill the ball python!
Trog accepts your kill.
Found a leather armour.
A sourceless malevolence fills the Dungeon...
You fall into a shaft and drop 2 floors!
The shaft crumbles and collapses.
Found a scroll labelled MEFENAT SIHADURPH.
Found a stone staircase leading down.
o - a scroll labelled MEFENAT SIHADURPH A hobgoblin comes into view.
The hobgoblin shouts!
An iguana comes into view.
The iguana hisses angrily.
There is a stone staircase leading down here.
The hobgoblin barely misses you.
You hit the hobgoblin.
The hobgoblin is severely wounded.
The hobgoblin hits you.
You barely miss the hobgoblin.
The hobgoblin is severely wounded.
The hobgoblin barely misses you.
You closely miss the hobgoblin.
The hobgoblin is severely wounded.
The iguana barely misses you. The hobgoblin hits you.
You closely miss the hobgoblin.
The hobgoblin is severely wounded.
The iguana closely misses you.
The hobgoblin hits you but does no damage.
You completely miss the hobgoblin.
The hobgoblin is severely wounded.
The iguana bites you!
The hobgoblin hits you but does no damage.
The hobgoblin completely misses you. The iguana bites you!
* * * LOW HITPOINT WARNING * * *
A red film seems to cover your vision as you go berserk!
You feel yourself moving faster!
You feel mighty! The iguana bites you!
You die...

.......#
#........#
#........#
.........#
..........
.......# l..#g#
#######.#@#
#.......l>#
#.........#
#.........#
#.........#
###........#
..........#
............#
..............#


You could see an iguana and a hobgoblin.

Vanquished Creatures
  A worm (D:2)
  2 dart slugs (D:1)
  4 ball pythons
  2 bats
  An endoplasm (D:1)
  4 hobgoblins (D:1)
  4 jackals (D:2)
  A quokka (D:1)
  2 frilled lizards
  3 kobolds
  2 rats (D:1)
26 creatures vanquished.

Notes
Turn   | Place    | Note
-------+----------+-------------------------------------------
     0 | D:1      | KittyFluff the Gargoyle Berserker began the quest for the
                  | Orb.
     0 | D:1      | Reached XP level 1. HP: 14/14 MP: 1/1
    77 | D:1      | Reached XP level 2. HP: 19/19 MP: 2/2
   389 | D:1      | Found a faded altar of an unknown god.
   564 | D:2      | Reached ** piety under Trog
   565 | D:2      | Reached XP level 3. HP: 23/23 MP: 3/3
  1021 | D:2      | You fall into a shaft and drop 2 floors!
  1043 | D:4      | Slain by an iguana

Illustrated notes

Levels and vault maps discovered:
D:1:      sevenhm_arrival_forest_fort_small_4, layout_basic,
          hellmonk_ecumenical_altar_heavens_door
D:2:      layout_loops_corners
D:4:      kennysheep_six_static_rooms, layout_basic, zin_treasury,
          minmay_temple_entry_mini_moons, serial_shops, nicolae_lakefront_shop,
          minmay_misc_feat_ornament, minmay_ruptured, uniq_grinder

Action                     || total
---------------------------++-------
  Melee: Mace              ||    69
 Invoke: Berserk           ||     1
 Armour: Animal skin       ||    15
         Leather armour    ||     8
  Dodge: Dodged            ||    42
